 Dungeon Crawl Stone Soup version 0.17-a0-910-ga669010 (webtiles) character file.

692 hornqvist the Chopper (level 7, -8/52 HPs)
             Began as a Formicid Fighter on May 2, 2015.
             Mangled by an orc warrior
             ... wielding a +0 flail
              (10 damage)
             ... on level 4 of the Dungeon.
             The game lasted 00:03:36 (3150 turns).

hornqvist the Chopper (Formicid Fighter)            Turns: 3150, Time: 00:03:36

Health: -8/52      AC: 10    Str: 23    XL:     7   Next: 95%
Magic:  7/7        EV: 10    Int:  7    God:
Gold:   153        SH:  7    Dex: 10    Spells: 0 memorised, 6 levels left

rFire  . . .     SeeInvis +     a - +0 war axe
rCold  . . .     Clarity  .     A - +0 chain mail
rNeg   . . .     SustAb   .     B - +2 buckler
rPois  .         Gourm    .     (helmet unavailable)
rElec  .         Spirit   .     r - +0 cloak
rCorr  .         Warding  .     (no gloves)
rMut   .         Stasis   +     (no boots)
MR     .....                    (no amulet)
Stlth  ..........               m - +1 ring of evasion
                                f - ring of wizardry

@: not resistant to hostile enchantments, extremely unstealthy
A: permanent stasis, dig shafts and tunnels, four strong arms, antennae 3
a: Dig, Shaft Self


You were on level 4 of the Dungeon.
You were hungry.

You visited 1 branch of the dungeon, and saw 4 of its levels.
You also visited: Sewer.

You collected 153 gold pieces.

Inventory:

Hand weapons
 a - a +0 war axe (weapon)
Armour
 b - a +0 scale mail
 c - a +0 shield
 r - a +0 cloak (worn)
 A - a +0 chain mail (worn)
 B - a +2 buckler (worn)
Jewellery
 f - a ring of wizardry (left hand)
 m - a +1 ring of evasion (right hand)
Magical devices
 o - a wand of flame (31)
 u - a wand of slowing (9)
 C - a wand of digging (3)
Scrolls
 g - a scroll of enchant armour {unknown}
 i - 2 scrolls of noise {unknown}
 j - 4 scrolls of teleportation {unknown}
 k - 4 scrolls of remove curse {unknown}
 l - a scroll of magic mapping {unknown}
 p - 2 scrolls of recharging {unknown}
 q - a scroll of random uselessness {unknown}
 w - 2 scrolls of identify {unknown}
 x - a scroll of fear {unknown}
 y - a scroll of blinking {unknown}
Potions
 d - 2 potions of might
 v - a potion of brilliance {unknown}
 z - a potion of heal wounds {unknown}
 D - a potion of flight {unknown}
Comestibles
 e - 3 bread rations
 h - 2 fruits
 n - a beef jerky
 t - a meat ration
 E - 6 chunks of flesh


   Skills:
 - Level 3.2 Fighting
 * Level 6.1 Axes
 - Level 3.2 Armour
 + Level 3.5 Dodging
 + Level 5.8 Shields


You had 6 spell levels left.
You didn't know any spells.

Dungeon Overview and Level Annotations

Branches:
Dungeon (4/15)
 Temple: D:4-7

Altars:
Cheibriados
Sif Muna
Vehumet


Innate Abilities, Weirdness & Mutations

You are under a permanent stasis effect.
You can dig through walls and to a lower floor.
Your four strong arms can wield two-handed weapons with a shield.
You have a pair of large antennae on your head (SInv).


Message History

The orc warrior hits you with a flail.
* * * LOW HITPOINT WARNING * * *
The orc wizard barely misses you. The orc hits you but does no damage.
You take 1 damage, and have 7/52 hp.
You closely miss the orc warrior. You closely miss the orc wizard.
The orc wizard hits you but does no damage.
The orc warrior hits you with a flail.
* * * LOW HITPOINT WARNING * * *
The orc wizard barely misses you. The orc barely misses you.
You take 5 damage, and have 2/52 hp.
Unknown command.
Drink which item? (? for menu, Esc to quit)
Okay, then.
You hit the orc warrior but do no damage.
You closely miss the orc wizard.
The orc wizard mumbles some strange words.
The orc wizard blinks!
You block the orc warrior's attack. The orc hits you but does no damage.
You barely miss the orc warrior. The orc warrior hits you with a flail!
You die...

{#...........#.........
+...........+........
#.###.###..##..##.##
###.###+###..##..# .#
#...#.............
+...+.............
#...#.....o.......
#...#.....ยง........
#...#.....@o.......
##.####'###)o#..#..
###.###..######
#...#......#
#...'......#
#...#.....##
#...#......#
##..###....# #+##
#...##


You could see an orc warrior, an orc wizard and an orc.

Vanquished Creatures
  The ghost of hornqvist the Shield-Bearer, an average FoFi (D:3)
  3 big kobolds (Sewer)
  An orc priest (D:4)
  Ijyb (D:3)
  An orc wizard (D:4)
  Terence (D:3)
  5 gnolls
  12 adders
  A river rat (D:3)
  2 oozes
  5 worms
  9 orcs
  5 giant cockroaches
  12 goblins
  4 hobgoblins
  A quokka (D:3)
  3 ball pythons
  5 bats
  4 giant geckos
  2 giant newts
  8 jackals
  14 kobolds
  9 rats
109 creatures vanquished.

Notes
Turn   | Place    | Note
--------------------------------------------------------------
     0 | D:1      | hornqvist, the Formicid Fighter, began the quest for the Orb.
     0 | D:1      | Reached XP level 1. HP: 18/18 MP: 1/1
   115 | D:1      | Reached XP level 2. HP: 20/24 MP: 2/2
   253 | D:1      | Reached skill level 1 in Dodging
   253 | D:1      | Reached XP level 3. HP: 12/29 MP: 3/3
   788 | D:1      | Reached skill level 4 in Shields
   909 | D:2      | Reached XP level 4. HP: 21/35 MP: 4/4
   917 | D:2      | Found a deep blue altar of Sif Muna.
  1093 | D:2      | Reached XP level 5. HP: 41/41 MP: 5/5
  1296 | D:2      | Found a snail-covered altar of Cheibriados.
  1297 | D:2      | Found a radiant altar of Vehumet.
  1443 | D:3      | Noticed Ijyb
  1453 | D:3      | Killed Ijyb
  1578 | D:3      | Noticed Terence
  1600 | D:3      | Killed Terence
  1600 | D:3      | Reached XP level 6. HP: 47/47 MP: 6/6
  1673 | D:3      | Found a glowing drain.
  1679 | Sewer    | Entered a sewer
  1782 | Sewer    | Reached skill level 5 in Shields
  1799 | Sewer    | Reached skill level 5 in Axes
  1799 | Sewer    | Reached XP level 7. HP: 15/52 MP: 7/7
  2294 | D:3      | Noticed hornqvist's ghost (average FoFi)
  2337 | D:3      | Killed hornqvist's ghost
  2633 | D:3      | Reached skill level 6 in Axes
  3148 | D:4      | HP: 2/52 [orc warrior/flail (5)]
  3150 | D:4      | Mangled by an orc warrior

Action                   |  1- 3 |  4- 6 |  7- 9 || total
-------------------------+-------+-------+-------++-------
Melee: War axe           |   110 |   203 |   151 ||   464
  Use: Potion            |       |       |     2 ||     2
  Eat: Chunk             |       |     4 |     4 ||     8
